 Dungeon Crawl Stone Soup version 0.31-a0-819-gf6de2f5ab6 (webtiles) character file.

Game seed: 15058628426325600883

99 Bravepunisher the Ducker (level 4, -6/25 HPs)
             Began as a Spriggan Monk on Sept 23, 2023.
             Was a Believer of Makhleb.
             Mangled by a vampire mosquito (11 damage)
             ... on level 6 of the Dungeon.
             The game lasted 00:02:45 (502 turns).

Bravepunisher the Ducker (Spriggan Monk)             Turns: 502, Time: 00:02:45

Health: -6/25      AC:  2    Str:  7    XL:     4   Next: 45%
Magic:  5/5        EV: 20    Int: 11    God:    Makhleb [**....]
Gold:   23         SH:  0    Dex: 19    Spells: 3/3 levels left

rFire   . . .        a - +0 short sword
rCold   . . .        (no shield)
rNeg    . . .        b - +0 robe
rPois   .            (helmet restricted)
rElec   .            (no cloak)
rCorr   +            (gloves unavailable)
SInv    +            (boots unavailable)
Will    .....        (no amulet)
Stlth   ++           e - ring of resist corrosion
HPRegen 0.24/turn    (no ring)
MPRegen 0.09/turn

%: no passive effects
@: very quick
A: very small, no large weapons, unfitting armour, see invisible, speed 3
a: Renounce Religion, Minor Destruction


You were on level 6 of the Dungeon.
You worshipped Makhleb.
Makhleb was pleased with you.
You visited 1 branch of the dungeon, and saw 6 of its levels.

You collected 23 gold pieces.

Inventory:

Hand Weapons
 a - a +0 short sword (weapon)
Armour
 b - a +0 robe (worn)
 d - an orb of light
Jewellery
 e - a ring of resist corrosion (left hand)
Wands
 j - a wand of charming (12)
 k - a wand of iceblast (4)
Scrolls
 h - 2 scrolls of teleportation {unknown}
 l - a scroll of fear {unknown}
Potions
 c - a potion of ambrosia
 f - a potion of enlightenment
 i - a potion of brilliance {unknown}


   Skills:
 + Level 3.8 Fighting
 - Level 3.2 Short Blades
 + Level 5.2 Dodging
 * Level 0.0 Invocations


You had 3 spell levels left.
You didn't know any spells.
Your spell library was empty.

Dungeon Overview and Level Annotations

Branches:
Dungeon (6/15)
 Temple: D:4-7

Altars:
Fedhas
Kikubaaqudgha
Makhleb
Wu Jian

Annotations:
D:5 Menkaure


Innate Abilities, Weirdness & Mutations

You are very small and have problems with some larger weapons.
You are too small for most types of armour.
You have supernaturally acute eyesight. (SInv)
You cover ground extremely quickly. (Speed+++)


Message History

A black bear and a gnoll come into view.
The black bear growls angrily.
You hear a shout!
You see here a +0 sling.
Found 2 scrolls labelled CANESM TUYRUNK.
Found 3 scrolls labelled CANESM TUYRUNK.
Found a stone staircase leading down.
A vampire mosquito comes into view.
The vampire mosquito buzzes angrily.
Found a burning altar of Makhleb.
The vampire mosquito completely misses you.
The vampire mosquito attacks as it pursues you!
The vampire mosquito barely misses you.
The vampire mosquito attacks as it pursues you!
The vampire mosquito closely misses you.
The vampire mosquito barely misses you.
The vampire mosquito completely misses you.
There is a burning altar of Makhleb here.
You kneel at the altar of Makhleb.
Makhleb welcomes you!
You can now gain health from killing.
You can now harness Makhleb's destructive might.
The vampire mosquito misses you. The vampire mosquito bites you!
The vampire mosquito draws strength from your injuries!
Unknown command.
Press < or > to pray at altars.
Unknown command.
Press < or > to pray at altars.
The vampire mosquito attacks as it pursues you!
The vampire mosquito barely misses you. The vampire mosquito bites you.
The vampire mosquito draws strength from your injuries!
The vampire mosquito attacks as it pursues you!
The vampire mosquito bites you.
* * * LOW HITPOINT WARNING * * *
The vampire mosquito draws strength from your injuries!
As you read the scroll labelled CANESM TUYRUNK, it crumbles to dust.
It is a scroll of identify.
f - a potion of enlightenment The vampire mosquito bites you!
You die...

##...........#..#
#............#..#
................#
................#
.............8..#
.............._.#
.............8..#
...............y##
................@#
...........h.........#
.............####.....#
............## .....#
#...??.....#.. ......#
............... .......
.............#. .......
........###### .......
....########


You could see a black bear and a vampire mosquito.

Vanquished Creatures
  An ice beast (D:5)
  A dart slug (D:5)
  An orc (D:4)
  An endoplasm (D:3)
  2 hobgoblins (D:2)
  A bat (D:2)
  A rat (D:3)
8 creatures vanquished.

Notes
Turn   | Place    | Note
-------+----------+-------------------------------------------
     0 | D:1      | Bravepunisher the Spriggan Monk began the quest for the
                  | Orb.
     0 | D:1      | Reached XP level 1. HP: 11/11 MP: 2/2
    55 | D:2      | You fall into a shaft and drop 1 floor!
    96 | D:3      | Found an ornate altar of the Wu Jian Council.
   132 | D:4      | Found a blossoming altar of Fedhas.
   133 | D:4      | Found an ancient bone altar of Kikubaaqudgha.
   180 | D:4      | Noticed an iguana
   275 | D:5      | Entered Level 5 of the Dungeon
   330 | D:5      | Reached XP level 2. HP: 14/16 MP: 3/3
   391 | D:5      | Noticed an ice beast
   395 | D:5      | Noticed Menkaure
   400 | D:5      | Killed an ice beast
   401 | D:5      | Reached skill level 5 in Dodging
   401 | D:5      | Reached XP level 3. HP: 21/21 MP: 4/4
   401 | D:5      | Reached XP level 4. HP: 25/25 MP: 5/5
   462 | D:6      | Noticed a black bear
   485 | D:6      | Noticed a vampire mosquito
   490 | D:6      | Found a burning altar of Makhleb.
   498 | D:6      | Became a worshipper of Makhleb the Destroyer
   498 | D:6      | Reached * piety under Makhleb
   498 | D:6      | Reached ** piety under Makhleb
   502 | D:6      | Mangled by a vampire mosquito

Illustrated notes

Levels and vault maps discovered:
D:1:      enne_arrival_octagon_isle, layout_basic, minmay_misc_feat_rugged
D:2:      layout_basic
D:3:      layout_loops_ring, nicolae_overflow_hidden_temple,
          hellmonk_ecumenical_altar_inner_sanctum
D:4:      layout_cave_pools, grunt_temple_overflow_growth_and_decay,
          kennysheep_little_box, mainiacjoe_overflow_cross_hatched,
          minmay_temple_entry_glassed_door, minivault_23
D:5:      layout_gridville, mainiacjoe_overflow_catwalk, uniq_menkaure
D:6:      layout_cave_pods, nicolae_shop_national_dungeon_mall,
          hangedman_feature_mirror

Skill      XL: |  1  2 |
---------------+-------+-----
Fighting       | 3 |  3.8
Dodging        | 5 |  5.2
Short Blades   | |  3.2

Action                     |  1- 3 |  4- 6 || total
---------------------------+-------+-------++-------
  Melee: Short sword       |    23 |       ||    23
  Evoke: Wand              |     6 |       ||     6
    Use: Scroll            |       |     1 ||     1
 Armour: Robe              |     3 |     4 ||     7
  Dodge: Dodged            |    26 |     7 ||    33

Table legend: (Time is in decaauts)
 A = Elapsed time spent in this place.
 B = Non-inter-level travel time spent in this place.
 C = Inter-level travel time spent in this place.
 D = Time resting spent in this place.
 E = Time spent auto-exploring this place.
 F = Levels seen in this place.
 G = Mean time per level.
                   A        B        C        D        E       F      G
               +--------+--------+--------+--------+--------+-----+--------+
         Total |    325 |    325 |      0 |      0 |    150 |   6 |   54.2 |
       Dungeon |    325 |    325 |      0 |      0 |    150 |   6 |   54.2 |
               +--------+--------+--------+--------+--------+-----+--------+

Top non-repeatable levels by time:
     D:5: 102 daAuts
     D:4: 89 daAuts
     D:3: 47 daAuts
     D:6: 46 daAuts
     D:1: 21 daAuts
     D:2: 17 daAuts
